 Dungeon Crawl Stone Soup version 0.29-a0-834-g1e95ca9f62 (webtiles) character file.

Game seed: 1092061050044889045

3 blackman the Grasshopper (level 1, 0/16 HPs)
             Began as a Human Warper on July 12, 2022.
             Slain by a gnoll
             ... wielding a +0 flail
              (5 damage)
             ... on level 1 of the Dungeon.
             The game lasted 00:00:39 (341 turns).

blackman the Grasshopper (Human Warper)              Turns: 341, Time: 00:00:40

Health: 0/16       AC:  4    Str: 11    XL:     1   Next: 55%
Magic:  3/3        EV: 11    Int: 16    God:
Gold:   24         SH:  0    Dex: 12    Spells: 4/4 levels left

rFire   . . .      SeeInvis .     - Unarmed
rCold   . . .      Faith    .   (no shield)
rNeg    . . .      Spirit   .   a - +0 leather armour
rPois   .          Reflect  .   i - +1 hat {Int+3}
rElec   .          Harm     .   (no cloak)
rCorr   .          Rampage  .   (no gloves)
Will    .....                   (no boots)
Stlth   +.........              (no amulet)
HPRegen 0.05/turn               (no ring)
MPRegen 0.08/turn               (no ring)

@: no status effects
A: no striking features
a: no special abilities


You were on level 1 of the Dungeon.
You visited 1 branch of the dungeon, and saw 1 of its levels.

You collected 24 gold pieces.

Inventory:

Missiles
 c - 5 boomerangs of dispersal (quivered)
Armour
 a - a +0 leather armour (worn)
 i - a +1 hat of intelligence (worn)
Jewellery
 h - an amulet of faith
Scrolls
 b - a scroll of blinking
 g - a scroll of identify {unknown}
 j - a scroll of enchant armour {unknown}
Potions
 d - a potion of berserk rage {unknown}
 e - a potion of might {unknown}
 f - 3 potions of curing {unknown}
 k - a potion of ambrosia {unknown}
 l - a potion of attraction {unknown}


   Skills:
 - Level 2.0 Fighting
 - Level 1.0 Throwing
 - Level 1.0 Armour
 - Level 2.0 Dodging
 + Level 2.3 Unarmed Combat
 - Level 2.0 Spellcasting
 - Level 3.0 Translocations


You had 4 spell levels left.
You didn't know any spells.
Your spell library contained the following spells:

 Spells                   Type           Power      Damage    Failure   Level
 Blink                    Tloc           22%        N/A       12%         2
 Gell's Gravitas          Tloc           11%        N/A       24%         3
 Lesser Beckoning         Tloc           11%        N/A       24%         3
 Teleport Other           Tloc           11%        N/A       24%         3
 Manifold Assault         Tloc           11%        N/A       91%         5


Dungeon Overview and Level Annotations

Branches:
Dungeon (1/15)

Altars:


Message History

Key pressed, stopping explore.
You open the door.
There is an open door here.
Key pressed, stopping explore.
Key pressed, stopping explore.
f - 3 golden potions (gained 1)
A gnoll comes into view. It is wielding a +0 flail.
The gnoll shouts!
Unknown command.
A kobold comes into view. It is wielding a +0 short sword.
The kobold shouts!
The gnoll hits you with a +0 flail.
You hit the gnoll.
The gnoll is lightly wounded.
The gnoll hits you with a +0 flail!
Ouch! That really hurt!
You are too injured to fight recklessly!
You are too injured to fight recklessly!
You are too injured to fight recklessly!
You are too injured to fight recklessly!
You are too injured to fight recklessly!
You are too injured to fight recklessly!
You are too injured to fight recklessly!
You are too injured to fight recklessly!
You are too injured to fight recklessly!
You are too injured to fight recklessly!
You are too injured to fight recklessly!
Throw: 7 boomerangs (disperse)
Press: ? - help, Shift-Dir - straight line, f - gnoll
Aim: a gnoll, wielding a +0 flail (lightly wounded, 61% to hit)
You throw a boomerang of dispersal.
The boomerang of dispersal closely misses the gnoll.
The gnoll hits you with a +0 flail.
Throw: 6 boomerangs (disperse)
Press: ? - help, Q - select action Shift-Dir - straight line, f/p - gnoll
Aim: a gnoll, wielding a +0 flail (lightly wounded, 61% to hit)
You throw a boomerang of dispersal.
The boomerang of dispersal barely misses the gnoll.
The gnoll hits you with a +0 flail.
You die...

#.. #.. ... ..# #.# #K# #.#
.# #.#.#.# .# # #.#.#.##.#.#
#g# ........ #. #######@#
#...##.# #.
#>....#.###...##.# #.
#.....#.......##.# #.
#.....#.......##.#
#.#+#.....#######.##.#
#.........^_##...##'##
#+#####.......'#####.#.....#
..............##..##.#.....#
.......######.##..##.#.....#


You could see a gnoll and a kobold.

Vanquished Creatures
  A ball python (D:1)
  An endoplasm (D:1)
  A kobold (D:1)
3 creatures vanquished.

Notes
Turn   | Place    | Note
-------+----------+-------------------------------------------
     0 | D:1      | blackman the Human Warper began the quest for the Orb.
     0 | D:1      | Reached XP level 1. HP: 16/16 MP: 3/3
   293 | D:1      | Found a faded altar of an unknown god.
   341 | D:1      | Slain by a gnoll

Illustrated notes

Levels and vault maps discovered:
D:1:      lightli_arrival_isolated_outpost, layout_basic,
          hellmonk_ecumenical_altar_leap_of_faith

Action                   || total
-------------------------++-------
Melee: Unarmed           ||    10
       Punch             ||     1
Throw: Boomerang         ||     2
 Stab: Sleeping          ||     1
Armor: Leather armour    ||     3
Dodge: Dodged            ||     4

Table legend: (Time is in decaauts)
 A = Elapsed time spent in this place.
 B = Non-inter-level travel time spent in this place.
 C = Inter-level travel time spent in this place.
 D = Time resting spent in this place.
 E = Time spent auto-exploring this place.
 F = Levels seen in this place.
 G = Mean time per level.
                   A        B        C        D        E       F      G
               +--------+--------+--------+--------+--------+-----+--------+
         Total |    340 |    340 |      0 |      0 |    293 |   1 |  340.0 |
       Dungeon |    340 |    340 |      0 |      0 |    293 |   1 |  340.0 |
               +--------+--------+--------+--------+--------+-----+--------+

Top non-repeatable levels by time:
     D:1: 340 daAuts
